 Dungeon Crawl Stone Soup version 0.30-a0-743-gbfdf073431 (webtiles) character file.

Game seed: 1281106877924844739

285 Majang the Slasher (level 6, -8/38 HPs)
             Began as a Tengu Gladiator on Feb 8, 2023.
             Mangled by Duvessa
             ... wielding a +0 short sword
              (12 damage)
             ... on level 4 of the Dungeon.
             The game lasted 00:08:53 (3247 turns).

Majang the Slasher (Tengu Gladiator)                Turns: 3247, Time: 00:08:53

Health: -8/38      AC:  6    Str: 14    XL:     6   Next: 29%
Magic:  7/7        EV: 14    Int:  8    God:
Gold:   266        SH:  0    Dex: 18    Spells: 5/5 levels left

rFire   . . .      SeeInvis .    a - +1 long sword (elec)
rCold   + . .      Faith    .    (no shield)
rNeg    + . .      Spirit   .    s - +0 ring mail
rPois   .          Reflect  .    c - +1 hat
rElec   .          Harm     .    (no cloak)
rCorr   .          Rampage  .    (no gloves)
Will    .....                    (boots unavailable)
Stlth   +                        (no amulet)
HPRegen 0.26/turn                h - ring of protection from cold
MPRegen 0.10/turn                l - ring of positive energy

@: flying quickly and evasively, quick
A: beak, talons 3, nimble flight
a: no special abilities


You were on level 4 of the Dungeon.
You visited 1 branch of the dungeon, and saw 4 of its levels.

You collected 266 gold pieces.

Inventory:

Hand Weapons
 a - a +1 long sword of electrocution (weapon)
 n - a +0 sling
Missiles
 e - a javelin (quivered)
Armour
 c - a +1 hat (worn)
 s - a +0 ring mail (worn)
Jewellery
 h - a ring of protection from cold (left hand)
 i - an amulet of faith
 l - a ring of positive energy (right hand)
Wands
 b - a wand of light (8)
 A - a wand of flame (5)
Scrolls
 f - a scroll of fear
 w - 2 scrolls of enchant weapon
Potions
 g - a potion of mutation {unknown}
 o - a potion of flight
 r - 3 potions of curing
 u - a potion of brilliance
 x - 2 potions of attraction
 z - a potion of ambrosia {unknown}


   Skills:
 + Level 3.7 Fighting
 - Level 2.0(3.8) Short Blades
 * Level 4.9(5.2) Long Blades
 + Level 3.7 Throwing
 - Level 3.2 Dodging


You had 5 spell levels left.
You didn't know any spells.
Your spell library contained the following spells:

 Spells                   Type           Power      Damage    Failure   Level
 Tukima's Dance           Hex            0%         N/A       95%         3
 Passage of Golubria      Tloc           0%         N/A       100%        4
 Yara's Violent Unravell  Hex/Tmut       0%         3d3       100%        5


Dungeon Overview and Level Annotations

Branches:
Dungeon (4/15)
 Temple: D:4-7

Altars:
Sif Muna

Annotations:
D:3 2 transporters, Heedrag's ghost, amateur DsCj
D:4 Duvessa


Innate Abilities, Weirdness & Mutations

You have a beak for a mouth.
You have claws for feet.
Your magical nature lets you fly swiftly and evasively.


Message History

You throw a throwing net. The throwing net hits Duvessa.
Duvessa is caught in the net!
Duvessa is moderately wounded.
Duvessa struggles against the net.
You hit Duvessa.
Duvessa is heavily wounded.
Duvessa struggles against the net. x2
The net rips apart, and Duvessa comes free!
You hit Duvessa but do no damage. You claw Duvessa.
Duvessa is heavily wounded.
Duvessa closely misses you. Duvessa hits you with a +0 short sword!
You hit Duvessa. Lightning courses through Duvessa!
You peck Duvessa, but do no damage.
Duvessa is severely wounded.
Duvessa hits you with a +0 short sword.
* * * LOW HITPOINT WARNING * * *
Throw: throwing net
Press: ? - help, Q - select action, (/) - cycle Shift-Dir - straight line, f/p - Duvessa
Aim: Duvessa, wielding a +0 short sword and wearing a +2 chain mail of fire resistance (severely wounded, berserk, 73% to hit)
You throw a throwing net. The throwing net hits Duvessa.
Duvessa is caught in the net!
Duvessa is severely wounded.
Duvessa struggles against the net. x2
You completely miss Duvessa.
Duvessa is severely wounded.
Duvessa struggles against the net.
The net rips apart, and Duvessa comes free!
Okay, then.
You hit Duvessa but do no damage.
Duvessa is severely wounded.
Duvessa hits you with a +0 short sword!
* * * LOW HITPOINT WARNING * * *
Duvessa closely misses you.
You hit Duvessa. You claw Duvessa, but do no damage. You peck Duvessa.
Duvessa is almost dead.
Duvessa barely misses you. x2
You hit Duvessa but do no damage. You claw Duvessa.
Duvessa is almost dead.
Duvessa barely misses you. Duvessa hits you with a +0 short sword!
You die...

#.#.# #......#,*,,,,,,*,*
#.#.# #......#,******,*,*
#.#.# #......#,,,,,,,,,,*
#####.#.###......########,***
.........>#........)..).#,*
..###...######'########.#,*
..##......# #,#...<..#.#,*
..#.......# ##.#........#,*
....#.....# #..e@.........#
.####.....# ###############
.# #<....# ## ####### ####
...# ...# ...#### ......#


You could see Duvessa (berserk).

Vanquished Creatures
  A necrophage (D:4)
  Dowan (D:4)
  An orc wizard (D:4)
  6 adders
  4 dart slugs
  10 orcs
  4 ball pythons
  10 endoplasms
  A giant cockroach (D:2)
  6 hobgoblins
  2 jackals (D:4)
  6 quokkas
  6 bats
  3 frilled lizards
  7 goblins
  6 kobolds
  A rat (D:2)
75 creatures vanquished.

Vanquished Creatures (others)
  10 fungi (D:4)
10 creatures vanquished.

Grand Total: 85 creatures vanquished

Notes
Turn   | Place    | Note
-------+----------+-------------------------------------------
     0 | D:1      | Majang the Tengu Gladiator began the quest for the Orb.
     0 | D:1      | Reached XP level 1. HP: 12/12 MP: 2/2
   344 | D:1      | Reached XP level 2. HP: 17/17 MP: 3/3
   348 | D:1      | Reached skill level 1 in Short Blades
   801 | D:2      | Reached XP level 3. HP: 16/22 MP: 4/4
  1800 | D:2      | Reached XP level 4. HP: 14/27 MP: 5/5
  1909 | D:3      | Noticed Heedrag's ghost (amateur DsCj)
  1928 | D:3      | Found a transporter.
  2004 | D:3      | Found a transporter.
  2669 | D:4      | Gained mutation: Your magical nature lets you fly swiftly
                  | and evasively. [Tengu growth]
  2669 | D:4      | Reached XP level 5. HP: 31/32 MP: 6/6
  2790 | D:4      | Found a shimmering blue altar of Sif Muna.
  2830 | D:4      | Reached skill level 4 in Long Blades
  3006 | D:4      | Reached XP level 6. HP: 22/37 MP: 7/7
  3203 | D:4      | Noticed Dowan
  3217 | D:4      | Killed Dowan
  3232 | D:4      | Noticed Duvessa
  3247 | D:4      | Mangled by Duvessa

Illustrated notes

Levels and vault maps discovered:
D:1:      minmay_arrival_stair_chambers, layout_basic, st_stairs_8,
          minmay_misc_feat_x, corner_web_ring
D:2:      layout_basic
D:3:      layout_basic, gammafunk_ghost_stat_death
D:4:      layout_basic, lemuel_blue_sif_altar, dreamdust_mushroom_princess,
          uniq_duvessa

Skill      XL: |  1  2  3  4  5 |
---------------+----------------+-----
Short Blades   | 1 2 |  2.0
Throwing       | 3 |  3.7
Fighting       | 3 |  3.7
Long Blades    | 4 |  4.9
Dodging        | |  3.2

Action                     |  1- 3 |  4- 6 || total
---------------------------+-------+-------++-------
  Melee: Long sword        |    84 |   106 ||   190
         Peck              |    13 |    13 ||    26
         Kick              |    18 |    25 ||    43
         Punch             |       |     2 ||     2
  Throw: Throwing net      |       |     3 ||     3
    Use: Scroll            |       |    15 ||    15
 Armour: Leather armour    |    18 |       ||    18
         Ring mail         |    13 |    22 ||    35
  Dodge: Dodged            |    70 |    60 ||   130

Table legend: (Time is in decaauts)
 A = Elapsed time spent in this place.
 B = Non-inter-level travel time spent in this place.
 C = Inter-level travel time spent in this place.
 D = Time resting spent in this place.
 E = Time spent auto-exploring this place.
 F = Levels seen in this place.
 G = Mean time per level.
                   A        B        C        D        E       F      G
               +--------+--------+--------+--------+--------+-----+--------+
         Total |   3248 |   3129 |    119 |    310 |   2134 |   4 |  812.0 |
       Dungeon |   3248 |   3129 |    119 |    310 |   2134 |   4 |  812.0 |
               +--------+--------+--------+--------+--------+-----+--------+

Top non-repeatable levels by time:
     D:2: 1075 daAuts
     D:3: 843 daAuts
     D:1: 788 daAuts
     D:4: 540 daAuts
